 Dungeon Crawl Stone Soup version 0.31.0-11-ge490571c62 (webtiles) character file.

Game seed: 18433598672018161270

92 Arcadio the Digger (level 4, -3/27 HPs)
             Began as a Gargoyle Earth Elementalist on Jan 27, 2024.
             Blown up by Ijyb (10 damage)
             ... with a mindburst bolt
             ... on level 3 of the Dungeon.
             The game lasted 00:04:46 (2211 turns).

Arcadio the Digger (Gargoyle Earth Elementalist)    Turns: 2211, Time: 00:04:47

Health: -3/27      AC:  9    Str: 11    XL:     4   Next: 60%
Magic:  1/7        EV: 10    Int: 18    God:
Gold:   164        SH:  0    Dex: 10    Spells: 3/7 levels left

rFire   . . .        v - +0 rapier
rCold   . . .        (no shield)
rNeg    + . .        l - +0 ring mail
rPois   ∞            (no helmet)
rElec   +            (no cloak)
rCorr   .            (no gloves)
SInv    .            (no boots)
Will    .....        h - amulet of regeneration
Stlth   +            (no ring)
HPRegen 1.04/turn    (no ring)
MPRegen 0.10/turn

%: no passive effects
@: no status effects
A: sickness immunity, AC +3, negative energy resistance 1, electricity
resistance, torment resistance 1, petrification resistance
a: no special abilities


You were on level 3 of the Dungeon.
You visited 1 branch of the dungeon, and saw 3 of its levels.

You collected 164 gold pieces.

Inventory:

Hand Weapons
 d - a +0 dagger
 e - a +0 mace
 v - a +0 rapier (weapon)
Armour
 a - a +0 robe
 k - a +0 leather armour
 l - a +0 ring mail (worn)
 w - an orb of energy
Jewellery
 g - an amulet of reflection
 h - an amulet of regeneration (around neck)
Scrolls
 c - a scroll of silence {unknown}
 f - 5 scrolls of identify {unknown}
 m - a scroll of enchant armour {unknown}
 n - a scroll of revelation {unknown}
 p - a scroll of fear {unknown}
 q - a scroll of teleportation {unknown}
 s - a scroll of immolation {unknown}
 t - 2 scrolls of noise {unknown}
Potions
 b - 2 potions of magic
 i - 2 potions of heal wounds {unknown}
 j - a potion of curing {unknown}
 o - 2 potions of attraction {unknown}
 r - a potion of berserk rage {unknown}
 u - a potion of degeneration {unknown}


   Skills:
 + Level 2.4 Fighting
 + Level 2.3 Armour
 - Level 1.5 Dodging
 - Level 2.1 Stealth
 - Level 2.0 Spellcasting
 - Level 1.1 Conjurations
 + Level 4.7 Earth Magic


You had 3 spell levels left.
You knew the following spells:

 Your Spells              Type           Power      Damage    Failure   Level
a - Sandblast             Erth           36%        2d10      6%          1
b - Stone Arrow           Conj/Erth      24%        3d8       36%         3

Your spell library contained the following spells:

 Spells                   Type           Power      Damage    Failure   Level
 Passwall                 Erth           18%        N/A       19%         3
 Volatile Blastmotes      Fire/Tloc      2%         2d10      77%         3
 Brom's Barrelling Bould  Conj/Erth      12%        2d4       78%         4
 Petrify                  Alch/Erth      10%        N/A       85%         4
 Fulminant Prism          Conj/Alch      1%         3d5       98%         4
 Iskenderun's Mystic Bla  Conj/Tloc      3%         2d3       98%         4


Dungeon Overview and Level Annotations

Branches:
Dungeon (3/15)

Altars:

Annotations:
D:3 Ijyb


Innate Abilities, Weirdness & Mutations

You are immune to sickness and miasma.
Your stone body is resilient. (AC +3)
You are immune to poison.
You resist negative energy. (rN+)
You are resistant to electric shocks. (rElec)
You are resistant to unholy torment.
You are immune to petrification.


Message History

Ijyb is severely wounded.
Ijyb hits you but does no damage.
You hit Ijyb but do no damage.
Ijyb is severely wounded.
Ijyb barely misses you.
Casting: Sandblast (safe; 6% risk of failure)
Confirm with . or Enter, or press ? or * to list all spells.
Aiming: Sandblast (safe; 6% risk of failure)
Press: ? - help, Shift-Dir - straight line, f/p - Ijyb
Aim: Ijyb, wielding a +0 club, wearing a +0 ring mail and carrying a wand of mindburst (severely wounded, 80% to hit)
The blast of sand hits Ijyb but does no damage.
Ijyb is severely wounded.
Ijyb hits you with a +0 club.
Unknown command.
Casting: Sandblast (safe; 6% risk of failure)
Confirm with . or Enter, or press ? or * to list all spells.
You don't have enough magic to cast this spell.
Unknown command.
You hit Ijyb but do no damage.
Ijyb is severely wounded.
Ijyb hits you but does no damage. Ijyb closely misses you.
You hit Ijyb but do no damage.
Ijyb is severely wounded.
Ijyb hits you with a +0 club.
You barely miss Ijyb.
Ijyb is severely wounded.
Ijyb hits you with a +0 club.
You barely miss Ijyb.
Ijyb is severely wounded.
Ijyb zaps a wand.
Your mind is blasted!
You hit Ijyb but do no damage.
Ijyb is severely wounded.
Ijyb hits you but does no damage.
You closely miss Ijyb.
Ijyb is severely wounded.
Ijyb hits you with a +0 club. x2
You closely miss Ijyb.
Ijyb is severely wounded.
Ijyb zaps a wand.
Your mind is blasted!
You die...

.. ##.... .. . ...##.....
.# ... .......#.##.# ....
#!.##....##.##....
.........##......#
.........#.......#
...#..##.#@..##..#### #
.........g...##.....#.##
..#...)......#..# .#...
......##.#.......##...##.
..........................
..##..####.#.##..8.....8..#
. ... #.#..............# .#
.................#
##.#####.....>...#


You could see Ijyb.

Vanquished Creatures
  3 adders (D:2)
  4 ribbon worms
  3 ball pythons
  2 bats
  6 endoplasms
  2 giant cockroaches
  4 goblins
  6 hobgoblins
  4 jackals
  8 kobolds
  3 quokkas
  2 frilled lizards
  2 rats (D:1)
49 creatures vanquished.

Notes
Turn   | Place    | Note
-------+----------+-------------------------------------------
     0 | D:1      | Arcadio the Gargoyle Earth Elementalist began the quest for
                  | the Orb.
     0 | D:1      | Reached XP level 1. HP: 10/10 MP: 3/3
   233 | D:1      | Reached XP level 2. HP: 16/16 MP: 3/5
   280 | D:1      | Reached skill level 1 in Fighting
   280 | D:1      | Reached skill level 1 in Armour
   415 | D:1      | Reached skill level 4 in Earth Magic
   634 | D:1      | Reached XP level 3. HP: 20/20 MP: 6/6
  1046 | D:2      | Learned a level 3 spell: Stone Arrow
  1491 | D:2      | Reached XP level 4. HP: 26/26 MP: 5/7
  1940 | D:2      | Found a faded altar of an unknown god.
  2174 | D:3      | Noticed Ijyb
  2211 | D:3      | Blown up by Ijyb

Illustrated notes

Levels and vault maps discovered:
D:1:      matt_arrival_grand_opening, layout_basic, hex_tiny, minmay_box_of_dots
D:2:      wander_river, layout_basic, hellmonk_ecumenical_altar_lost_god,
          nicolae_figureground_pulse
D:3:      gammafunk_wand_slinger, layout_basic, st_stairs_1, uniq_ijyb

Skill      XL: |  1  2  3 |
---------------+----------+-----
Fighting       | 1 2 |  2.4
Armour         | 1 2 |  2.3
Earth Magic    | 4 |  4.7
Dodging        | |  1.5
Stealth        | |  2.1
Spellcasting   | |  2.0
Conjurations   | |  1.1

Action                     |  1- 3 |  4- 6 || total
---------------------------+-------+-------++-------
  Melee: Dagger            |    22 |       ||    22
         Mace              |    85 |    73 ||   158
         Punch             |     1 |     1 ||     2
         Rapier            |       |    29 ||    29
   Cast: Sandblast         |    25 |     9 ||    34
   Stab: Sleeping          |     2 |       ||     2
 Armour: Robe              |    49 |       ||    49
         Leather armour    |    42 |       ||    42
         Ring mail         |     2 |    96 ||    98
  Dodge: Dodged            |    99 |    51 ||   150
